PAAA
MILTON DOGFISH HEAD @ PURE MICHIGAN GREAT LAKERS
08/22/2026
 
TOP OF THE 1ST
Milton Dogfish Head batting - Pitching for Pure Michigan Great Lakers : RHP Alejandro Arteaga
Pitching: RHP Alejandro Arteaga
Batting: LHB Floyd Long 0-0: Ball
1-0: Ball
2-0: Fly out, F4 (Popup, 4MS)
Batting: LHB Jack Sutherland 0-0: Called Strike
0-1: Ball
1-1: Fly out, F5 (Flyball, 5D)
Batting: LHB Víctor Robledo 0-0: SINGLE (Line Drive, 5)
Batting: LHB António Ramos 0-0: Ball
Wild Pitch!
Víctor Robledo to second
1-0: Ball
2-0: Ball
3-0: Called Strike
3-1: Foul Ball, location: 2F
3-2: Base on Balls
Batting: RHB Moisés Quintana 0-0: Ball
1-0: Ball
2-0: Ball
3-0: Called Strike
3-1: Called Strike
3-2: Foul Ball, location: 2F
3-2: Foul Ball, location: 2F
3-2: DOUBLE (Flyball, 89XD)
Víctor Robledo scores
António Ramos to third
António Ramos scores
Batting: RHB Luis Alomar 0-0: Called Strike
0-1: Foul Ball, location: 2F
0-2: Ball
1-2: Ball
2-2: Fly out, F6 (Line Drive, 6)
Top of the 1st over - 2 run(s), 2 hit(s), 0 error(s), 1 left on base; Milton 2 - Pure Michigan 0
BOTTOM OF THE 1ST
Pure Michigan Great Lakers batting - Pitching for Milton Dogfish Head : RHP Robinson Suárez
Pitching: RHP Robinson Suárez
Batting: LHB Sisto Pagnamenta 0-0: Ball
1-0: Foul Ball, location: 2F
1-1: Foul Ball, location: 2F
1-2: Ball
2-2: SINGLE (Line Drive, 8RS)
Batting: RHB Ulbert Sutkamp 0-0: Ball
Sisto Pagnamenta is caught stealing 2nd base
1-0: Ball
2-0: Ball
3-0: Called Strike
3-1: SINGLE (Line Drive, 4D)
Batting: LHB Tim Waters 0-0: Ball
1-0: Called Strike
1-1: Ball
2-1: Fly out, F8 (Flyball, 8LXD)
Batting: LHB Mike Silver 0-0: Ball
1-0: Ball
2-0: Ball
3-0: Base on Balls
Ulbert Sutkamp to second
Batting: RHB Ron Ward 0-0: SINGLE (Groundball, 6MD)
Ulbert Sutkamp to third
Mike Silver to second
Runner from 3rd tries for Home, SAFE, throw made home
Mike Silver to third
Ron Ward to second
Batting: RHB Kap-yong Chong 0-0: Fly out, F5 (Line Drive, 5)
Bottom of the 1st over - 1 run(s), 3 hit(s), 0 error(s), 2 left on base; Milton 2 - Pure Michigan 1
TOP OF THE 2ND
Milton Dogfish Head batting - Pitching for Pure Michigan Great Lakers : RHP Alejandro Arteaga
Batting: LHB Luis Vicenteno 0-0: Ball
1-0: Called Strike
1-1: Ball
2-1: Foul Ball, location: 2F
2-2: Strikes out swinging
Batting: RHB Víctor López 0-0: Called Strike
0-1: Ball
1-1: Fly out, F8 (Flyball, 78D)
Batting: RHB Lorenzo Rosas 0-0: Called Strike
0-1: Ball
1-1: Ball
2-1: Ball
3-1: DOUBLE (Line Drive, 78D)
Batting: LHB Floyd Long 0-0: Ball
1-0: Foul Ball, location: 2F
1-1: Foul Ball, location: 2F
1-2: Fly out, F9 (Flyball, 9D)
Top of the 2nd over - 0 run(s), 1 hit(s), 0 error(s), 1 left on base; Milton 2 - Pure Michigan 1
BOTTOM OF THE 2ND
Pure Michigan Great Lakers batting - Pitching for Milton Dogfish Head : RHP Robinson Suárez
Batting: SHB Mike Barton 0-0: Called Strike
0-1: DOUBLE (Line Drive, 9LS)
Batting: LHB António Boccanegra 0-0: Foul Ball, location: 2F
0-1: Foul Ball, location: 2F
0-2: Ball
1-2: Ball
2-2: Ground out 3-1 (Groundball, 34)
Mike Barton to third
Batting: SHB Bernard Gauthier 0-0: Ball
1-0: Called Strike
1-1: Ball
2-1: Ground out 6-3 (Groundball, 6S)
Mike Barton scores
Batting: LHB Sisto Pagnamenta 0-0: Ground out 6-3 (Groundball, 6M)
Bottom of the 2nd over - 1 run(s), 1 hit(s), 0 error(s), 0 left on base; Milton 2 - Pure Michigan 2
TOP OF THE 3RD
Milton Dogfish Head batting - Pitching for Pure Michigan Great Lakers : RHP Alejandro Arteaga
Batting: LHB Jack Sutherland 0-0: Ball
1-0: Ball
2-0: Ground out 4-3 (Groundball, 4)
Batting: LHB Víctor Robledo 0-0: Ball
1-0: Foul Ball, location: 2F
1-1: Fly out, F8 (Flyball, 8LM)
Batting: LHB António Ramos 0-0: Called Strike
0-1: Ball
1-1: SINGLE (Groundball, 34) (infield hit)
Batting: RHB Moisés Quintana 0-0: Ball
1-0: Foul Ball, location: 2F
1-1: Ball
2-1: Foul Ball, location: 2F
2-2: Foul Ball, location: 2F
2-2: Foul Ball, location: 2F
2-2: Foul Ball, location: 2F
2-2: Foul Ball, location: 2F
2-2: Ball
3-2: SINGLE (Groundball, 4MD)
António Ramos to second
António Ramos to third
Batting: RHB Luis Alomar 0-0: Ball
1-0: Ball
2-0: Ground out 3-1 (Groundball, 34S)
Top of the 3rd over - 0 run(s), 2 hit(s), 0 error(s), 2 left on base; Milton 2 - Pure Michigan 2
BOTTOM OF THE 3RD
Pure Michigan Great Lakers batting - Pitching for Milton Dogfish Head : RHP Robinson Suárez
Batting: RHB Ulbert Sutkamp 0-0: Ball
1-0: Ball
2-0: Foul Ball, location: 2F
2-1: Ball
3-1: Swinging Strike
3-2: Foul Ball, location: 2F
3-2: Foul Ball, location: 2F
3-2: Foul Ball, location: 2F
3-2: Strikes out looking
Batting: LHB Tim Waters 0-0: Ball
1-0: Swinging Strike
1-1: Ball
2-1: Swinging Strike
2-2: Foul Ball, location: 2F
2-2: Ball
3-2: Foul Ball, location: 2F
3-2: Ground out 4-3 (Groundball, 4)
Batting: LHB Mike Silver 0-0: Called Strike
0-1: Ball
1-1: SINGLE (Groundball, 6MD)
Batting: RHB Ron Ward 0-0: Ball
1-0: Swinging Strike
1-1: Called Strike
1-2: Strikes out swinging
Bottom of the 3rd over - 0 run(s), 1 hit(s), 0 error(s), 1 left on base; Milton 2 - Pure Michigan 2
TOP OF THE 4TH
Milton Dogfish Head batting - Pitching for Pure Michigan Great Lakers : RHP Alejandro Arteaga
Batting: LHB Luis Vicenteno 0-0: Foul Ball, location: 2F
0-1: Foul Ball, location: 2F
0-2: Ball
1-2: Strikes out swinging
Batting: RHB Víctor López 0-0: Called Strike
0-1: Ball
1-1: Ball
2-1: Called Strike
2-2: Foul Ball, location: 2F
2-2: Strikes out swinging
Batting: RHB Lorenzo Rosas 0-0: Ball
1-0: Swinging Strike
1-1: Swinging Strike
1-2: Strikes out swinging
Top of the 4th over - 0 run(s), 0 hit(s), 0 error(s), 0 left on base; Milton 2 - Pure Michigan 2
BOTTOM OF THE 4TH
Pure Michigan Great Lakers batting - Pitching for Milton Dogfish Head : RHP Robinson Suárez
Batting: RHB Kap-yong Chong 0-0: Ball
1-0: SOLO HOME RUN (Flyball, 78D), Distance : 417 ft
Batting: SHB Mike Barton 0-0: Ball
1-0: Ground out 6-3 (Groundball, 6M)
Batting: LHB António Boccanegra 0-0: Ball
1-0: Ball
2-0: Called Strike
2-1: Fly out, F8 (Flyball, 8LD)
Batting: SHB Bernard Gauthier 0-0: Fly out, F8 (Flyball, 8LD)
Bottom of the 4th over - 1 run(s), 1 hit(s), 0 error(s), 0 left on base; Milton 2 - Pure Michigan 3
TOP OF THE 5TH
Milton Dogfish Head batting - Pitching for Pure Michigan Great Lakers : RHP Alejandro Arteaga
Batting: LHB Floyd Long 0-0: Fly out, F8 (Line Drive, 78M)
Batting: LHB Jack Sutherland 0-0: Ball
1-0: Called Strike
1-1: Called Strike
1-2: Ball
2-2: Strikes out swinging
Batting: LHB Víctor Robledo 0-0: Foul Ball, location: 2F
0-1: Ball
1-1: Foul Ball, location: 2F
1-2: Foul Ball, location: 2F
1-2: Ball
2-2: Foul Ball, location: 2F
2-2: DOUBLE (Groundball, 5L)
Batting: LHB António Ramos 0-0: Ball
1-0: SINGLE (Flyball, 7S)
Víctor Robledo to third
Runner from 3rd tries for Home, SAFE, no throw
Batting: RHB Moisés Quintana 0-0: Fly out, F8 (Flyball, 8RS)
Top of the 5th over - 1 run(s), 2 hit(s), 0 error(s), 1 left on base; Milton 3 - Pure Michigan 3
BOTTOM OF THE 5TH
Pure Michigan Great Lakers batting - Pitching for Milton Dogfish Head : RHP Robinson Suárez
Batting: LHB Sisto Pagnamenta 0-0: Ball
1-0: Called Strike
1-1: Ball
2-1: Ball
3-1: Foul Ball, location: 2F
3-2: Foul Ball, location: 2F
3-2: Foul Ball, location: 2F
3-2: Ground out U3 (Groundball, 34S)
Batting: RHB Ulbert Sutkamp 0-0: Ball
1-0: Ball
2-0: Called Strike
2-1: Swinging Strike
2-2: Ball
3-2: Base on Balls
Batting: LHB Tim Waters 0-0: Ball
1-0: SINGLE (Line Drive, 7S)
Ulbert Sutkamp to second
Batting: LHB Mike Silver 0-0: Called Strike
0-1: Swinging Strike
0-2: Ball
1-2: Ball
2-2: Foul Ball, location: 2F
2-2: Foul Ball, location: 2F
2-2: Foul Ball, location: 2F
2-2: Foul Ball, location: 2F
2-2: Ball
3-2: Foul Ball, location: 2F
3-2: DOUBLE (Line Drive, 8RD)
Ulbert Sutkamp scores
Tim Waters to third
Batting: RHB Ron Ward 0-0: Called Strike
0-1: Ball
1-1: Ball
2-1: Ball
3-1: Fly out, F9 (Flyball, 89M)
Batting: RHB Kap-yong Chong 0-0: Ball
1-0: Called Strike
1-1: Fly out, F7 (Flyball, 7S)
Bottom of the 5th over - 1 run(s), 2 hit(s), 0 error(s), 2 left on base; Milton 3 - Pure Michigan 4
TOP OF THE 6TH
Milton Dogfish Head batting - Pitching for Pure Michigan Great Lakers : RHP Alejandro Arteaga
Batting: RHB Luis Alomar 0-0: Called Strike
0-1: Fly out, F2 (Popup, 5S)
Batting: LHB Luis Vicenteno 0-0: Foul Ball, location: 2F
0-1: Ball
1-1: Ball
2-1: Ball
3-1: Base on Balls
Batting: RHB Víctor López 0-0: Called Strike
0-1: Ball
1-1: Ground out 5-3 (Groundball, 5S)
Luis Vicenteno to second
Batting: RHB Lorenzo Rosas 0-0: Ball
1-0: Foul Ball, location: 2F
1-1: Ball
Wild Pitch!
Luis Vicenteno to third
2-1: Ball
3-1: Base on Balls
Batting: LHB Floyd Long 0-0: Swinging Strike
0-1: Ball
1-1: Called Strike
1-2: Ball
2-2: Strikes out swinging
Top of the 6th over - 0 run(s), 0 hit(s), 0 error(s), 2 left on base; Milton 3 - Pure Michigan 4
BOTTOM OF THE 6TH
Pure Michigan Great Lakers batting - Pitching for Milton Dogfish Head : RHP Robinson Suárez
Pitching: RHP Edgardo Nava
Batting: SHB Mike Barton 0-0: Called Strike
0-1: Ball
1-1: Ball
2-1: Foul Ball, location: 2F
2-2: Foul Ball, location: 2F
2-2: Ball
3-2: Ground out 6-3 (Groundball, 6)
Batting: LHB António Boccanegra 0-0: Foul Ball, location: 2F
0-1: Called Strike
0-2: Ball
1-2: Ground out 3-1 (Groundball, 34S)
Batting: SHB Bernard Gauthier 0-0: Ball
1-0: Ball
2-0: Foul Ball, location: 2F
2-1: Swinging Strike
2-2: Strikes out swinging
Bottom of the 6th over - 0 run(s), 0 hit(s), 0 error(s), 0 left on base; Milton 3 - Pure Michigan 4
TOP OF THE 7TH
Milton Dogfish Head batting - Pitching for Pure Michigan Great Lakers : RHP Alejandro Arteaga
Batting: LHB Jack Sutherland 0-0: Called Strike
0-1: SINGLE (Line Drive, 9LS)
Pitching: RHP Jim Unknown
Batting: LHB Víctor Robledo 0-0: Called Strike
0-1: Foul Ball, location: 2F
0-2: Fly out, F8 (Flyball, 8LS)
Batting: LHB António Ramos 0-0: Ball
1-0: Ball
2-0: Foul Ball, location: 2F
2-1: Ball
3-1: Fly out, F9 (Flyball, 9LS)
Batting: RHB Moisés Quintana 0-0: Fly out, F8 (Flyball, 8RM)
Top of the 7th over - 0 run(s), 1 hit(s), 0 error(s), 1 left on base; Milton 3 - Pure Michigan 4
BOTTOM OF THE 7TH
Pure Michigan Great Lakers batting - Pitching for Milton Dogfish Head : RHP Edgardo Nava
Batting: LHB Sisto Pagnamenta 0-0: Called Strike
0-1: Swinging Strike
0-2: Ball
1-2: Ball
2-2: Strikes out swinging
Batting: RHB Ulbert Sutkamp 0-0: Ball
1-0: Ground out 6-3 (Groundball, 6)
Batting: LHB Tim Waters 0-0: Called Strike
0-1: Foul Ball, location: 2F
0-2: Foul Ball, location: 2F
0-2: Foul Ball, location: 2F
0-2: Foul Ball, location: 2F
0-2: Foul Ball, location: 2F
0-2: SOLO HOME RUN (Flyball, 89XD), Distance : 430 ft
Batting: LHB Mike Silver 0-0: Called Strike
0-1: Foul Ball, location: 2F
0-2: Foul Ball, location: 2F
0-2: Foul Ball, location: 2F
0-2: Ball
1-2: Ground out 3-1 (Groundball, 34S)
Bottom of the 7th over - 1 run(s), 1 hit(s), 0 error(s), 0 left on base; Milton 3 - Pure Michigan 5
TOP OF THE 8TH
Milton Dogfish Head batting - Pitching for Pure Michigan Great Lakers : RHP Jim Unknown
Batting: RHB Luis Alomar 0-0: Swinging Strike
0-1: DOUBLE (Line Drive, 78D)
Pitching: RHP Robert Dickinson
Batting: LHB Luis Vicenteno 0-0: Ball
1-0: Swinging Strike
1-1: Ball
2-1: Fly out, F8 (Flyball, 89S)
Pitching: RHP Jim Unknown
Batting: RHB Víctor López 0-0: Swinging Strike
0-1: Foul Ball, location: 2F
0-2: Foul Ball, location: 2F
0-2: Foul Ball, location: 2F
0-2: Ball
1-2: Ball
2-2: Foul Ball, location: 2F
2-2: Strikes out swinging
Batting: RHB Lorenzo Rosas 0-0: Called Strike
0-1: Called Strike
0-2: Ball
1-2: Foul Ball, location: 2F
1-2: Ball
2-2: Ground out 5-3 (Groundball, 56)
Top of the 8th over - 0 run(s), 1 hit(s), 0 error(s), 1 left on base; Milton 3 - Pure Michigan 5
BOTTOM OF THE 8TH
Pure Michigan Great Lakers batting - Pitching for Milton Dogfish Head : RHP Edgardo Nava
Batting: RHB Ron Ward 0-0: Swinging Strike
0-1: Foul Ball, location: 2F
0-2: Ball
1-2: Foul Ball, location: 2F
1-2: Fly out, F8 (Flyball, 8RD)
Batting: RHB Kap-yong Chong 0-0: Fly out, F8 (Flyball, 89M)
Batting: SHB Mike Barton 0-0: Called Strike
0-1: Swinging Strike
0-2: Strikes out swinging
Bottom of the 8th over - 0 run(s), 0 hit(s), 0 error(s), 0 left on base; Milton 3 - Pure Michigan 5
TOP OF THE 9TH
Milton Dogfish Head batting - Pitching for Pure Michigan Great Lakers : RHP Jim Unknown
Batting: LHB Floyd Long 0-0: Ball
1-0: Foul Ball, location: 2F
1-1: Ball
2-1: Ball
3-1: Base on Balls
Batting: LHB Jack Sutherland 0-0: Ball
1-0: Ball
2-0: Called Strike
2-1: Foul Ball, location: 2F
2-2: Ball
3-2: Fielders Choice at 2nd, 5-4 (Groundball, 56D)
Batting: LHB Víctor Robledo 0-0: Ground out U3 (Groundball, 34S)
Jack Sutherland to second
Batting: LHB António Ramos 0-0: Ball
1-0: Foul Ball, location: 2F
1-1: SINGLE (Groundball, 4MD)
Jack Sutherland to third
Runner from 3rd tries for Home, throw and OUT!
Top of the 9th over - 0 run(s), 1 hit(s), 0 error(s), 1 left on base; Milton 3 - Pure Michigan 5
Monday, March 20th, 2017 - OOTP Baseball 17.12 Build 75